 Dungeon Sprint DCSS version 0.27-a0-1322-gfdffb62a71 (webtiles) character file.

Game seed: 10354027843458796488

7 rocky1 the Shield-Bearer (level 2, 0/25 HPs)
             Began as a Formicid Fighter on June 23, 2021.
             Slain by a water moccasin (3 damage)
             ... in the Dungeon (Sprint IX: "|||||||||||||||||||||||||||||").
             The game lasted 00:00:18 (75 turns).

rocky1 the Shield-Bearer (Formicid Fighter)           Turns: 75, Time: 00:00:19

Health: 0/25       AC:  7    Str: 20    XL:     2   Next: 5%
Magic:  2/2        EV:  8    Int:  7    God:
Gold:   0          SH:  9    Dex: 10    Spells: 1/1 levels left

rFire    . . .     SeeInvis +   a - +0 long sword
rCold    . . .     Faith    .   c - +0 kite shield
rNeg     . . .     Spirit   .   b - +0 scale mail
rPois    .         Reflect  .   (helmet unavailable)
rElec    .         Harm     .   (no cloak)
rCorr    .         Rampage  .   (no gloves)
Will     .....                  (no boots)
Stlth    ..........             (no amulet)
HPRegen  0.08/turn              (no ring)
MPRegen  0.08/turn              (no ring)

@: no status effects
A: permanent stasis, dig shafts and tunnels, antennae 3, four strong arms
a: Dig


You were in the Dungeon.
You visited 1 branch

Inventory:

Hand Weapons
 a - a +0 long sword (weapon)
Armour
 b - a +0 scale mail (worn)
 c - a +0 kite shield (worn)
Potions
 d - a potion of might
 e - a potion of curing
 f - a potion of heal wounds
 g - 2 potions of magic


   Skills:
 + Level 3.7 Fighting
 * Level 3.1 Long Blades
 + Level 3.7 Armour
 + Level 4.1 Shields


You had one spell level left.
You didn't know any spells.
Your spell library was empty.

Dungeon Overview and Level Annotations

Branches:
Dungeon (1/1)

Altars:


Innate Abilities, Weirdness & Mutations

You cannot be hasted, slowed, berserked, paralysed or teleported.
You can dig through walls and to a lower floor.
You have a pair of large antennae on your head. (SInv)
Your four strong arms can wield two-handed weapons with a shield.


Message History

You closely miss the goblin. The goblin closely misses you.
You slash the goblin!
You kill the goblin!
You block the bat's attack. x2
Your Shields skill increases to level 4!
You closely miss the bat. You block the bat's attack. The bat hits you.
The bat hits you but does no damage.
You barely miss the bat. The bat barely misses you.
You riposte.
You closely miss the bat. The bat hits you. You block the bat's attack.
You hit the bat.
You kill the bat!
There is an open door to the Dungeon here.
Things that are here:
a +0 club; a bat corpse You start resting.
HP restored.
You open the door.
A water moccasin, a hound, a scorpion and 2 orcs come into view.
The orc shouts!
The water moccasin hisses angrily.
The orc wizard shouts!
You slash the orc!
You kill the orc!
The orc wizard mumbles some strange words.
The orc wizard flickers and vanishes for a moment.
The water moccasin bites you!
Your Long Blades skill increases to level 3!
You have reached level 2!
You closely miss the water moccasin.
You block the water moccasin's attack. x2
You closely miss the water moccasin. The water moccasin bites you!
You block the water moccasin's attack.
You miss the water moccasin.
You block the water moccasin's attack. x2
Your shield prevents you from hitting the water moccasin.
The water moccasin bites you.
* * * LOW HITPOINT WARNING * * *
The water moccasin bites you.
* * * LOW HITPOINT WARNING * * *
You slash the water moccasin!
The water moccasin is moderately wounded.
The water moccasin bites you but does no damage.
The water moccasin bites you.
You die... ▓▓▓▓▓▓▓▓▓▓▓▓▓▓▓▓▓▓ ▓<...)....@Ssoh..+ ▓▓▓▓▓▓▓▓▓▓▓▓▓▓▓▓▓▓

You could see a water moccasin, a scorpion, a hound and an orc wizard (invisible).

Vanquished Creatures
  An orc (D)
  An endoplasm (D)
  A goblin (D)
  3 bats (D)
6 creatures vanquished.

Notes
Turn   | Place    | Note
-------+----------+-------------------------------------------
     0 | D        | rocky1 the Formicid Fighter began the quest for the Orb.
     0 | D        | Reached XP level 1. HP: 18/18 MP: 1/1
    11 | D        | Reached skill level 4 in Shields
    69 | D        | Noticed a water moccasin
    69 | D        | Noticed a scorpion
    69 | D        | Noticed an orc wizard
    69 | D        | Noticed a hound
    71 | D        | Reached XP level 2. HP: 15/25 MP: 2/2
    75 | D        | Slain by a water moccasin

Illustrated notes

Levels and vault maps discovered:
D:        linesprint [early_d, line_temple, items_1, d_10, items_2, lair_1,
          lair_end, items_3, orc_1, orc_end, items_4, d_15, swamp_1, shoals_1,
          snake_1, spider_1, d_20, vaults_1, items_5, swamp_end, shoals_end,
          snake_end, spider_end, vaults_end, d_27, items_6, zot_1, zot_end,
          crypt_end, forest_end, elf_end, slime_end, tomb_end, abyss_end,
          pan_hell_end]

Skill      XL: |  1 |
---------------+----+-----
Shields        | 4 |  4.1
Long Blades    | 3 |  3.1
Fighting       | |  3.7
Armour         | |  3.7

Action                   || total
-------------------------++-------
Melee: Long sword        ||    16
Armor: Scale mail        ||     3
Dodge: Dodged            ||     3
Block: Kite shield       ||    13
       Rpst.: Long sword ||     2

Table legend: (Time is in decaauts)
 A = Elapsed time spent in this place.
 B = Non-inter-level travel time spent in this place.
 C = Inter-level travel time spent in this place.
 D = Time resting spent in this place.
 E = Time spent auto-exploring this place.
 F = Levels seen in this place.
 G = Mean time per level.
                   A        B        C        D        E       F      G
               +--------+--------+--------+--------+--------+-----+--------+
         Total |     81 |     81 |      0 |     49 |      0 |   1 |   81.0 |
       Dungeon |     81 |     81 |      0 |     49 |      0 |   1 |   81.0 |
               +--------+--------+--------+--------+--------+-----+--------+

Top non-repeatable levels by time:
       D: 81 daAuts
